 Dungeon Sprint DCSS version 0.29.0-11-gd7f09526c8 (webtiles) character file.

Game seed: 13518277475152341029

1241 Dadi the Fencer (level 8, -4/91 HPs)
             Began as a Minotaur Berserker on Sept 6, 2022.
             Was an Elder of Trog.
             Slain by Sonja
             ... wielding a +2 short sword of distortion
              (16 damage)
             ... in the Dungeon (Sprint I: "Red Sonja").
             The game lasted 00:02:37 (501 turns).

Dadi the Fencer (Minotaur Berserker)                 Turns: 501, Time: 00:02:38

Health: -4/91      AC:  6    Str: 24    XL:     8   Next: 25%
Magic:  7/7        EV: 11    Int:  4    God:    Trog [****..]
Gold:   405        SH:  0    Dex: 10    Spells: 7/7 levels left

rFire   . . .      SeeInvis .   a - +0 falchion
rCold   . . .      Faith    .   (no shield)
rNeg    . . .      Spirit   .   j - +3 leather armour {rPois}
rPois   +          Reflect  .   (helmet restricted)
rElec   .          Harm     .   (no cloak)
rCorr   .          Rampage  .   (no gloves)
Will    .....      NoTele   +   (no boots)
Stlth   +.........              (no amulet)
HPRegen 0.25/turn               (no ring)
MPRegen 0.10/turn               (no ring)

@: on berserk cooldown, slowed, very slow
A: horns 2, retaliatory headbutt
a: Renounce Religion, Berserk, Trog's Hand, Brothers in Arms


You were in the Dungeon.
You worshipped Trog.
Trog was greatly pleased with you.
You visited 1 branch You collected 405 gold pieces.

Inventory:

Hand Weapons
 a - a +0 falchion (weapon)
Armour
 b - a +0 animal skin
 j - a +3 leather armour of poison resistance (worn)
Wands
 i - a wand of flame (21)
Scrolls
 h - a scroll of blinking
 k - a scroll of identify {unknown}
Potions
 c - 2 potions of curing
 e - a potion of haste
 f - 2 potions of magic
 g - a potion of berserk rage


   Skills:
 + Level 15.5 Fighting
 + Level 15.5 Long Blades
 - Level 2.4 Armour
 - Level 2.1 Dodging


You had 7 spell levels left.
You didn't know any spells.
Your spell library was empty.

Dungeon Overview and Level Annotations

Branches:
Dungeon (1/1)

Altars:
Cheibriados
Dithmenos
Elyvilon
Fedhas
Gozag
Hepliaklqana
Kikubaaqudgha
Makhleb
Nemelex Xobeh
Okawaru
Qazlal
Ru
Sif Muna
Trog
Uskayaw
Vehumet
Wu Jian
Xom
Yredelemnul
Zin
The Shining One
Jiyva
Lugonu

Shops:
D =

Annotations:
D Sonja


Innate Abilities, Weirdness & Mutations

You have a pair of horns on your head.
You reflexively headbutt those who attack you in melee.


Message History

There is an open door, spattered with blood here.
You feel sick.
Sonja throws a curare-tipped dart.
The curare-tipped dart hits you.
You slam the door shut with a bang!
You feel your anger nearly subside.
You are no longer berserk.
You are exhausted.
You feel as though you will be slow longer.
You feel sick.
You are no longer poisoned.
You open the door.
Sonja gestures wildly while chanting.
Sonja blinks!
There is an open door, spattered with blood here.
You miss Sonja.
Sonja is moderately wounded.
Sonja hits you with a +2 short sword of distortion.
* * * LOW HITPOINT WARNING * * *
Space warps around you.
* * * LOW HITPOINT WARNING * * *
Sonja hits you with a +2 short sword of distortion.
* * * LOW HITPOINT WARNING * * *
Space warps around you.
* * * LOW HITPOINT WARNING * * *
Sonja hits you with a +2 short sword of distortion.
* * * LOW HITPOINT WARNING * * *
You feel much better.
Sonja hits you with a +2 short sword of distortion.
Space warps around you.
* * * LOW HITPOINT WARNING * * *
Sonja completely misses you.
Sonja hits you with a +2 short sword of distortion.
* * * LOW HITPOINT WARNING * * *
Space warps around you!
* * * LOW HITPOINT WARNING * * *
Sonja hits you with a +2 short sword of distortion.
* * * LOW HITPOINT WARNING * * *
Sonja hits you with a +2 short sword of distortion.
* * * LOW HITPOINT WARNING * * *
Space warps horribly around you!
You die...

##########################
#<.#..)..#.)'..#__#..'.).#
#..').#..'..#..'..'..#.).#
#..#####'#####'#__####...+
#..####..#...#(#### #####
#..#__####..##.#
#..#_____##'#_.+
#⌠⌠#_.∩..K@..._#
####_..__##_.#+#
#_____###+# ####### .# .$
.$# .## +#


You could see Sonja.

Vanquished Creatures
  2 kobold demonologists (D)
  A slime creature (D)
  Sigmund (D)
  A yak (D)
  A floating eye (D)
  An ogre (D)
  A jelly (D)
  Ijyb (D)
9 creatures vanquished.

Notes
Turn   | Place    | Note
-------+----------+-------------------------------------------
     0 | D        | Dadi the Minotaur Berserker began the quest for the Orb.
     0 | D        | Reached XP level 1. HP: 19/19 MP: 0/0
     1 | D        | Noticed Ijyb
     6 | D        | Killed Ijyb
     7 | D        | Reached skill level 5 in Fighting
     7 | D        | Reached skill level 5 in Long Blades
     7 | D        | Reached XP level 2. HP: 30/30 MP: 1/1
    67 | D        | Noticed an ogre
    69 | D        | Killed an ogre
    70 | D        | Reached XP level 3. HP: 41/41 MP: 2/2
    70 | D        | Reached XP level 4. HP: 49/49 MP: 3/3
   115 | D        | Noticed Sigmund
   120 | D        | Killed Sigmund
   120 | D        | Reached ** piety under Trog
   121 | D        | Reached XP level 5. HP: 60/60 MP: 4/4
   141 | D        | Found an ornate altar of the Wu Jian Council.
   141 | D        | Found a shimmering blue altar of Sif Muna.
   151 | D        | Reached XP level 6. HP: 68/68 MP: 5/5
   160 | D        | Found a radiant altar of Vehumet.
   180 | D        | Found Juirorraqe's Jewellery Emporium.
   180 | D        | Found an ancient bone altar of Kikubaaqudgha.
   180 | D        | Found a hazy altar of Hepliaklqana.
   180 | D        | Found a hide-covered altar of Uskayaw.
   180 | D        | Found a basalt altar of Yredelemnul.
   180 | D        | Found an opulent altar of Gozag.
   180 | D        | Found a snail-covered altar of Cheibriados.
   180 | D        | Found a sacrificial altar of Ru.
   180 | D        | Found a shadowy altar of Dithmenos.
   180 | D        | Noticed a yak
   190 | D        | Killed a yak
   191 | D        | Found a stormy altar of Qazlal.
   191 | D        | Found a blossoming altar of Fedhas.
   191 | D        | Found a bloodstained altar of Trog.
   191 | D        | Found an iron altar of Okawaru.
   191 | D        | Found a glowing golden altar of the Shining One.
   191 | D        | Found a glowing silver altar of Zin.
   191 | D        | Found a white marble altar of Elyvilon.
   314 | D        | Found a sparkling altar of Nemelex Xobeh.
   329 | D        | Found a burning altar of Makhleb.
   329 | D        | Found a viscous altar of Jiyva.
   329 | D        | Found a shimmering altar of Xom.
   329 | D        | Found a corrupted altar of Lugonu.
   329 | D        | Noticed a slime creature
   336 | D        | Killed a slime creature
   336 | D        | Reached *** piety under Trog
   337 | D        | Reached XP level 7. HP: 79/79 MP: 6/6
   401 | D        | Noticed a kobold demonologist
   402 | D        | Noticed a kobold demonologist
   405 | D        | Noticed a smoke demon
   409 | D        | Killed a kobold demonologist
   410 | D        | Noticed a soul eater
   414 | D        | Killed a kobold demonologist
   414 | D        | Reached **** piety under Trog
   415 | D        | Reached skill level 15 in Fighting
   415 | D        | Reached skill level 15 in Long Blades
   415 | D        | Reached XP level 8. HP: 91/91 MP: 7/7
   484 | D        | Noticed Sonja
   501 | D        | Slain by Sonja

Illustrated notes

Levels and vault maps discovered:
D:        dungeon_sprint_1 [red_sonja_temple_1, red_sonja_temple_small_1]

Skill      XL: |  1  2  3  4  5  6  7 |
---------------+----------------------+-----
Fighting       | 5 8 11 13 15 | 15.5
Long Blades    | 5 8 11 13 15 | 15.5
Armour         | |  2.4
Dodging        | |  2.1

Action                   |  1- 3 |  4- 6 |  7- 9 || total
-------------------------+-------+-------+-------++-------
Melee: Falchion          |     4 |    17 |    16 ||    37
       Headbutt          |     2 |     2 |     1 ||     5
Invok: Berserk           |     2 |     3 |     2 ||     7
  Use: Potion            |       |       |     1 ||     1
Armor: Leather armour    |       |     3 |     7 ||    10
Dodge: Dodged            |     2 |     9 |     6 ||    17
